 Seeded DCSS version 0.28.0-43-g3370ac3207 (webtiles) character file.

Game seed: 7121082916606783627 (custom seed)

86 gzilladon the Chopper (level 4, -2/41 HPs)
             Began as a Hill Orc Monk on Mar 29, 2022.
             Was a Believer of Beogh.
             Slain by a jelly (3 damage)
             ... on level 3 of the Dungeon.
             The game lasted 00:17:55 (4788 turns).

gzilladon the Chopper (Hill Orc Monk)               Turns: 4788, Time: 00:17:56

Health: -2/41      AC:  0    Str: 15    XL:     4   Next: 49%
Magic:  4/4        EV:  7    Int: 10    God:    Beogh [**....]
Gold:   150        SH:  0    Dex: 13    Spells: 3/3 levels left

rFire   . . .      SeeInvis +   a - +0 hand axe
rCold   . . .      Faith    .   (no shield)
rNeg    . . .      Spirit   .   p - +0 chain mail
rPois   .          Reflect  .   (no helmet)
rElec   .          Harm     .   (no cloak)
rCorr   .          Rampage  .   (no gloves)
Will    .....                   (no boots)
Stlth   ..........              (no amulet)
HPRegen 0.13/turn               q - ring of see invisible
MPRegen 0.09/turn               (no ring)

@: corroded
A: no striking features
a: Renounce Religion, Smiting


You were on level 3 of the Dungeon.
You worshipped Beogh.
Beogh was pleased with you.
You visited 1 branch of the dungeon, and saw 3 of its levels.

You collected 150 gold pieces.

Inventory:

Hand Weapons
 a - a +0 hand axe (weapon)
Missiles
 c - 85 stones
 e - 22 poisoned darts (quivered)
 m - 5 boomerangs
Armour
 b - a +0 robe
 d - a +0 leather armour
 f - a +0 ring mail
 n - a +0 scale mail
 p - a +0 chain mail (worn)
Jewellery
 q - a ring of see invisible (left hand)
Scrolls
 g - a scroll of teleportation {unknown}
 h - 3 scrolls of immolation {unknown}
 i - a scroll of torment {unknown}
 j - 4 scrolls of identify {unknown}
 l - a scroll of blinking {unknown}
 o - a scroll of summoning {unknown}
 s - a scroll of fear {unknown}
 t - a scroll of enchant armour {unknown}
Potions
 k - a potion of attraction {unknown}
 r - a potion of curing {unknown}
 u - a potion of berserk rage {unknown}
 v - a potion of magic {unknown}


   Skills:
 * Level 4.5 Fighting
 + Level 5.2 Axes
 + Level 0.2 Throwing
 * Level 1.0 Armour
 + Level 2.8 Dodging
 + Level 1.6 Stealth


You had 3 spell levels left.
You didn't know any spells.
Your spell library contained the following spells:

 Spells                   Type           Power      Damage    Failure   Level
 Conjure Flame            Conj/Fire      0%         6-21      100%        3
 Ignite Poison            Fire/Tmut/Pois 0%         N/A       100%        3
 Sticky Flame             Conj/Fire      0%         2d3       100%        4


Dungeon Overview and Level Annotations

Branches:
Dungeon (3/15)

Altars:
Uskayaw
Yredelemnul

Shops:
D:1 *   D:3 *


Message History

HP restored.
An endoplasm comes into view.
The endoplasm quivers.
You barely miss the endoplasm. The endoplasm hits you.
You hit the endoplasm but do no damage.
The endoplasm hits you but does no damage.
You hit the endoplasm.
You kill the endoplasm!
Beogh accepts your kill.
You see here a +0 whip.
An endoplasm comes into view.
The endoplasm quivers.
An endoplasm comes into view.
The endoplasm moves out of view.
A jelly comes into view.
You see here a +0 whip.
The jelly quivers.
You hit the jelly. The acid corrodes you!
Your hands burn!
The jelly is moderately wounded.
The jelly hits you but does no damage.
You hit the jelly. The acid corrodes you!
Your hands burn!
The jelly is heavily wounded.
The jelly hits you.
You are splashed with acid.
You hit the jelly but do no damage.
Your hands burn!
The jelly is heavily wounded.
The jelly hits you.
You are splashed with acid!
You hit the jelly but do no damage.
Your hands burn!
The jelly is heavily wounded.
The jelly hits you.
You are splashed with acid.
* * * LOW HITPOINT WARNING * * *
You hit the jelly.
Your hands burn!
* * * LOW HITPOINT WARNING * * *
The jelly is severely wounded.
The jelly jiggles.
The jelly closely misses you.
You hit the jelly but do no damage.
Your hands burn!
* * * LOW HITPOINT WARNING * * *
The jelly is severely wounded.
The jelly hits you.
You die...

#.......# .÷#
#.##... #.......#
..# #.....#
#.......# ..#
#.....# #.......#
..# #.##...
#.......#
÷.####.##..#
#...##### #######'#
#........ #...#
##..)J.J# #.#.###.#
#...# #J########
#...###.# #...#
##J@'[.).#
#...≈##.# #...#
####....# #..≈≈≈#..
#...# #......)#
#..≈≈.... #####
#....)..# #.≈≈###..
#..).)[.# #.≈≈.....
#.....).# #.≈.###..
##.....####.≈......
##...####..≈≈.....
##'''###..≈≈......


You could see a jelly and an endoplasm.

Vanquished Creatures
  2 adders (D:2)
  3 worms
  A dart slug (D:2)
  An orc (D:2)
  5 ball pythons (D:2)
  2 bats (D:1)
  7 endoplasms
  A giant cockroach (D:1)
  7 goblins
  6 hobgoblins
  7 quokkas
  2 frilled lizards (D:3)
  4 kobolds
  A rat (D:1)
49 creatures vanquished.

Vanquished Creatures (others)
  2 orc priests (D:3)
  A howler monkey zombie (D:3)
  2 orcs (D:3)
  A giant cockroach zombie (D:3)
  6 kobolds (D:3)
  9 fungi (D:3)
  A plant (D:1)
  7 toadstools (D:3)
29 creatures vanquished.

Grand Total: 78 creatures vanquished

Notes
Turn   | Place    | Note
-------+----------+-------------------------------------------
     0 | D:1      | gzilladon the Hill Orc Monk began the quest for the Orb.
     0 | D:1      | Reached XP level 1. HP: 19/19 MP: 1/1
    59 | D:1      | Found Rirorouf's Assorted Antiques.
   373 | D:1      | Reached XP level 2. HP: 20/27 MP: 2/2
  1047 | D:2      | Found a faded altar of an unknown god.
  1060 | D:2      | Reached XP level 3. HP: 26/33 MP: 3/3
  1566 | D:2      | Reached skill level 5 in Axes
  1761 | D:2      | Reached XP level 4. HP: 40/41 MP: 4/4
  2451 | D:3      | Found a hide-covered altar of Uskayaw.
  2500 | D:3      | Became a worshipper of Beogh the Brigand
  2500 | D:3      | Reached * piety under Beogh
  2500 | D:3      | Reached ** piety under Beogh
  2755 | D:3      | Noticed an ice beast
  3131 | D:3      | Found Agisch's General Store.
  3746 | D:3      | Found a basalt altar of Yredelemnul.
  4677 | D:3      | Reached skill level 1 in Armour
  4788 | D:3      | HP: 1/41 [acid (2)]
  4788 | D:3      | Slain by a jelly

Illustrated notes

Levels and vault maps discovered:
D:1:      minmay_arrival_plants_in_alcoves, layout_rooms, serial_shops, shop,
          chequers_serial_rivers_large_b
D:2:      layout_rooms, hellmonk_ecumenical_altar_leap_of_faith,
          minmay_door_square, nicolae_concentric_dashed_squares_mild
D:3:      cheibrodos_fertilizer, layout_basic, lemuel_tele_altar,
          lemuel_zombie_altar_yredelemnul, serial_shops,
          nicolae_shop_behind_doors, serial_rivers,
          chequers_serial_rivers_small_a, chequers_serial_rivers_micro_c,
          chequers_serial_rivers_room_a, chequers_serial_rivers_micro_e,
          chequers_serial_rivers_small_a, kennysheep_generic_room_9

Skill      XL: |  1  2  3  4 |
---------------+-------------+-----
Fighting       | 4 |  4.5
Axes           | 5 |  5.2
Armour         | 1 |  1.0
Throwing       | |  0.2
Dodging        | |  2.8
Stealth        | |  1.6

Action                   |  1- 3 |  4- 6 || total
-------------------------+-------+-------++-------
Melee: Hand axe          |   144 |    81 ||   225
       Punch             |     2 |     1 ||     3
Throw: Stone             |     9 |       ||     9
       Dart              |     3 |       ||     3
Invok: Convert to Beogh  |       |     1 ||     1
Armor: Leather armour    |     8 |       ||     8
       Ring mail         |    22 |       ||    22
       Scale mail        |    17 |       ||    17
       Chain mail        |       |    41 ||    41
Dodge: Dodged            |    81 |    24 ||   105
